 Dungeon Crawl Stone Soup version 0.29.1-15-g9cfb28693d (webtiles) character file.

Game seed: 4173366797756447298

114489 GeoRichter the Zephyrmancer (level 16, -13/104 HPs)
             Began as a Tengu Air Elementalist on Mar 13, 2023.
             Was an Elder of Vehumet.
             Mangled by a bunyip (28 damage)
             ... called by a spriggan druid
             ... called by a spriggan druid
             ... on level 3 of the Swamp on Mar 16, 2023.
             The game lasted 01:21:27 (41454 turns).

GeoRichter the Zephyrmancer (TeAE)                 Turns: 41454, Time: 01:21:27

Health: -13/104    AC: 14    Str: 14      XL:     16   Next: 66%
Magic:  11/34      EV: 20    Int: 21 (22) God:    Vehumet [****..]
Gold:   1467       SH: 13    Dex: 15      Spells: 5/41 levels left

rFire   + . .      SeeInvis .   L - staff of cold
rCold   + . .      Faith    .   G - +2 buckler {rF+}
rNeg    + + .      Spirit   .   C - +5 steam dragon scales
rPois   +          Reflect  +   M - +2 hat
rElec   +          Harm     .   T - +0 cloak
rCorr   +          Rampage  .   j - +0 pair of gloves
Will    +....                   (boots unavailable)
Stlth   ++........              g - amulet of Arrival {Reflect rElec Str+4 SH+5}
HPRegen 0.27/turn               n - ring "Illyor" {rN+ rCorr}
MPRegen 0.24/turn               l - ring "Plog" {Fly rPois rN+ Str+2}

@: flying quickly and evasively, hasted and slowed, studying Short Blades, quick
A: beak, talons 3, nimble flight, weak 1, wild magic 1
a: Renounce Religion


You were on level 3 of the Swamp.
You worshipped Vehumet.
Vehumet was greatly pleased with you.
You visited 4 branches of the dungeon, and saw 25 of its levels.
You visited the Abyss 1 time.
You also visited: Gauntlet and Volcano.

You collected 2542 gold pieces.
You spent 1075 gold pieces at shops.

Inventory:

Hand Weapons
 r - a +4 whip
   (You took it off an orc on level 4 of the Dungeon)
 E - a +0 spectral demon whip
   (You found it in a volcano)
Missiles
 t - 4 throwing nets {!f}
Armour
 j - a +0 pair of gloves (worn)
   (You found it on level 5 of the Lair of Beasts)
 q - +0 acid dragon scales
   (You found it on level 5 of the Lair of Beasts)
 C - +5 steam dragon scales (worn)
   (You took it off Maggie on level 6 of the Dungeon)
 G - a +2 buckler of fire resistance (worn)
   (You found it in a volcano)
 M - a +2 hat (worn)
   (You found it on level 3 of the Lair of Beasts)
 T - a +0 cloak (worn)
   (You found it on level 9 of the Dungeon)
Magical Staves
 L - a staff of cold (weapon)
   (You found it on level 5 of the Lair of Beasts)
Jewellery
 g - the amulet of Arrival (around neck) {Reflect rElec Str+4 SH+5}
   (You took it off a minotaur in a Gauntlet)

   [amulet of reflection]

   It reflects blocked missile attacks.
   Str:       It affects your strength (+4).
   rElec:     It insulates you from electricity.
   SH:        It affects your SH (+5).
 l - the ring "Plog" (right hand) {Fly rPois rN+ Str+2}
   (You bought it in a shop on level 2 of the Orcish Mines)

   [ring of flight]

   Str:       It affects your strength (+2).
   rPois:     It protects you from poison.
   rN:        It protects you from negative energy.
   Fly:       It grants you flight.
 n - the ring "Illyor" (left hand) {rN+ rCorr}
   (You found it on level 5 of the Lair of Beasts)

   [ring of resist corrosion]

   rN:        It protects you from negative energy.
   rCorr:     It protects you from acid and corrosion.
 F - a ring of see invisible
   (You found it on level 7 of the Dungeon)
 O - a ring of protection from fire
   (You found it on level 2 of the Lair of Beasts)
 Q - a ring of ice
   (You found it on level 4 of the Lair of Beasts)
 R - the ring of Mivuec {rPois rC- rN+ MP+9 AC+4}
   (You found it in a Gauntlet)

   [ring of protection]

   AC:        It affects your AC (+4).
   rC:        It makes you vulnerable to cold.
   rPois:     It protects you from poison.
   rN:        It protects you from negative energy.
   MP:        It affects your magic capacity (+9).
 U - the ring of Yesterday {MP+9 AC+4 Slay+2}
   (You found it on level 12 of the Dungeon)

   [ring of protection]

   AC:        It affects your AC (+4).
   Slay:      It affects your accuracy & damage with ranged weapons and melee
   (+2).
   MP:        It affects your magic capacity (+9).
Wands
 a - a wand of polymorph (19)
   (You found it on level 4 of the Dungeon)
 x - a wand of charming (5)
   (You found it on level 5 of the Dungeon)
 y - a wand of flame (39)
   (You took it off a kobold on level 5 of the Dungeon)
 A - a wand of digging (18)
   (You took it off Maggie on level 6 of the Dungeon)
 N - a wand of iceblast (22)
   (You found it on level 2 of the Lair of Beasts)
 S - a wand of light (17)
   (You found it on level 9 of the Dungeon)
 V - a wand of mindburst (7)
   (You found it in a Gauntlet)
Scrolls
 b - a scroll of acquirement {unknown}
 c - 3 scrolls of vulnerability {!r}
 d - a scroll of fog
 k - 7 scrolls of poison {!r}
 m - 4 scrolls of amnesia
 s - 4 scrolls of noise {!r}
 v - 2 scrolls of magic mapping
 w - 4 scrolls of enchant weapon
 z - 6 scrolls of immolation {!r}
 P - a scroll of silence
 W - 4 scrolls of identify {@r1}
Potions
 e - 4 potions of curing {@q1}
 f - 3 potions of cancellation
 h - 4 potions of mutation {!q}
 i - a potion of resistance
 p - a potion of might
 u - 6 potions of lignification {!q}
 I - 3 potions of attraction {!q}
 K - 3 potions of brilliance


   Skills:
 + Level 13.1 Fighting
 - Level 3.0 Armour
 + Level 9.8 Dodging
 - Level 2.0 Stealth
 - Level 6.2 Shields
 + Level 13.0 Spellcasting
 - Level 12.0 Conjurations
 - Level 13.2 Ice Magic
 * Level 14.3 Air Magic
 - Level 3.0 Evocations


You had 5 spell levels left.
You knew the following spells:

 Your Spells              Type           Power      Damage    Failure   Level
a - Fireball              Conj/Fire      25%        3d11      5%          5
b - Static Discharge      Conj/Air       74%        3-13/arc  1%          2
c - Airstrike             Air            38%        2d(6-22)  1%          4
d - Irradiate             Conj/Tmut      25%        3d20      5%          5
e - Ozocubu's Refrigerat  Ice            47%        4d17      9%          7
f - Freezing Cloud        Conj/Ice/Air   47%        6-21      1%          5
g - Lightning Bolt        Conj/Air       37%        1d55      1%          5
x - Mephitic Cloud        Conj/Pois/Air  60%        N/A       1%          3

Your spell library contained the following spells:

 Spells                   Type           Power      Damage    Failure   Level
 Magic Dart               Conj           100%       1d8       1%          1
 Shock                    Conj/Air       100%       1d9       1%          1
 Ensorcelled Hibernation  Hex/Ice        100%       N/A       1%          2
 Ozocubu's Armour         Ice            94%        N/A       1%          3
 Swiftness                Air            77%        N/A       1%          3
 Slow                     Hex            68%        N/A       10%         1
 Call Imp                 Summ           17%        N/A       13%         2
 Passwall                 Tmut/Erth      14%        N/A       13%         2
 Sublimation of Blood     Necr           17%        N/A       13%         2
 Wereblood                Tmut           17%        N/A       13%         2
 Metabolic Englaciation   Hex/Ice        34%        N/A       16%         5
 Olgreb's Toxic Radiance  Pois           17%        N/A       21%         4
 Confusing Touch          Hex            17%        N/A       26%         3
 Tukima's Dance           Hex            17%        N/A       26%         3
 Vampiric Draining        Necr           17%        2d7       26%         3
 Lee's Rapid Deconstruct  Erth           8%         3d8*      45%         5
 Yara's Violent Unravell  Hex/Tmut       8%         3d5       45%         5
 Leda's Liquefaction      Hex/Erth       8%         N/A       61%         4
 Passage of Golubria      Tloc           17%        N/A       61%         4
 Petrify                  Tmut/Erth      17%        N/A       61%         4
 Maxwell's Capacitive Co  Air            38%        ∞         32%         8
 Simulacrum               Ice/Necr       34%        N/A       61%         6
 Spellforged Servitor     Conj/Summ      25%        N/A       75%         7
 Polar Vortex             Ice            47%        N/A       99%         9
 Statue Form              Tmut/Erth      11%        N/A       100%        6
 Summon Hydra             Summ           8%         N/A       100%        7
 Ignition                 Fire           8%         3d5       100%        8


Dungeon Overview and Level Annotations

Branches:
Dungeon (15/15) Zot: 25158  Temple (0/1) D:6            Lair (5/5) D:8 Zot: 16844
  Swamp (3/4) Lair:2 Zot: 15275  Spider (0/4) Lair:3        Slime (0/5) Lair:4
    Orc (2/2) D:12 Zot: 9800     Elf (0/3) Orc:2        Vaults (0/5) D:13
 Depths (0/4) D:15        Volcano (visited)         Gauntlet (visited)

Altars:
Cheibriados
Dithmenos
Gozag
Hepliaklqana
Okawaru
Qazlal
Sif Muna
Uskayaw
Vehumet
Xom
Zin
The Shining One
Jiyva

Shops:
D:5 (*[[   Orc:1 ?   Orc:2 *(=*(


Innate Abilities, Weirdness & Mutations

You have a beak for a mouth.
You have claws for feet.
Your magical nature lets you fly swiftly and evasively.
You are weak. (Str -2)
Your spells are a little harder to cast, but a little more powerful.


Message History

Okay, then.
Okay, then.
Okay, then.
Okay, then.
Okay, then.
Okay, then.
Okay, then.
Okay, then.
Okay, then.
You feel very sick.
You feel very sick.
Cornered, the alligator turns to fight!
You feel sick.
The spriggan druid calls out to the beasts of the wild!
Cornered, the five-headed hydra turns to fight!
You feel sick.
Okay, then.
Okay, then.
Really read
k - 9 scrolls of poison {!r}? [Y]es or [N]o only, please.
Really read
k - 9 scrolls of poison {!r}?
The air fills with toxic fumes!
As you read the scroll of poison {!r}, it crumbles to dust.
You feel sick.
The spriggan druid gestures at you while chanting.
The stone arrow reflects off an invisible shield around you!
The stone arrow hits the spriggan druid!!
You feel sick.
The alligator is engulfed in poison gas.
The alligator is poisoned.
You feel sick.
You feel sick.
The bunyip gives a hideous shriek!
You feel sick.
The bunyip howls a warning cry!
You feel sick.
You see here a +4 ring of protection.
You can't see any susceptible monsters within range! (Use Z to cast anyway.) Unknown command.
Okay, then.
Really read
k - 8 scrolls of poison {!r}?
The air fills with toxic fumes!
As you read the scroll of poison {!r}, it crumbles to dust.
You feel sick.
You are no longer poisoned.
The alligator is engulfed in poison gas.
The alligator looks even sicker.
There are monsters nearby!
You block the bunyip's attack. The bunyip claws you!!
You die...

♣♣♣.♣ ♣♣~.~. ♣♣♣♣♣♣
♣..... ♣§§§§♣♣♣♣♣..~♣~
♣♣§§§§§~~.....w♣
♣§§§§§§~~.~~x~♣♣
♣♣§§§§§§#.....♣♣♣
♣♣♣♣♣♣§§§§§§##......♣~
♣♣§§♣§@§§§§§§######..♣♣
♣§☼§§§=x§§§§§#####...♣♣
♣☼§§§§§§~§§§§§...##.... .
♣♣☼§§§§§§§§§§§....#....
~.♣
♣♣§♣♣♣§§§§§§§§...######
~.~~♣♣☼i♣♣§§§§§§§§§§..# #
♣§☼~~♣♣♣♣t§w♣♣§§?..... #
§.♣§..i♣~..D§.♣♣♣♣♣t)....
# ~..~...it...~§§♣
§...♣♣♣.


You could see a bunyip, an alligator (wandering, swift, very poisoned), a
five-headed hydra, a spriggan rider and a swamp worm.

Vanquished Creatures
  Mlioglotl (Swamp:2)
  Gastronok (D:10)
  Agnes (D:15)
  Frances (Swamp:2)
  A dire elephant (D:15)
  The ghost of vvl the Dealer of Despair, a journeyman DsEE of Kikubaaqudgha (Lair:5)
  A bunyip (Swamp:2)
  A minotaur (Gauntlet)
  2 fire dragons
  An ettin (Orc:2)
  A spriggan air mage (Swamp:1)
  3 boulder beetles
  A catoblepas (Lair:5)
  2 ogre magi
  4 centaur warriors
  10 hydras
  An alligator (Swamp:2)
  A ghost crab (Swamp:3)
  10 two-headed ogres
  3 tengu warriors
  3 death yaks (Lair:5)
  Urug (Lair:2)
  2 goliath frogs
  A glowing orange brain (Gauntlet)
  A sixfirhy (Abyss:2)
  5 bog bodies
  5 swamp dragons
  Pikel (D:5)
  A deep troll (Orc:1)
  4 lindwurms
  A wizard (D:14)
  2 orc knights
  2 deep elf pyromancers
  2 wolf spiders
  16 ugly things
  3 cyclopes
  2 will-o-the-wisps (Swamp:1)
  9 elephants (Lair:5)
  5 manticores
  4 black mambas
  Joseph (D:7)
  An ice statue (Lair:3)
  A gargoyle (D:12)
  15 cane toads
  A torpor snail (Lair:1)
  3 unseen horrors
  An unseen horror (shapeshifter) (D:14)
  Maggie (D:6)
  13 komodo dragons
  An efreet (D:15)
  An anaconda simulacrum (Lair:3)
  2 ice devils (Lair:3)
  An entropy weaver simulacrum (Lair:3)
  4 rime drakes
  10 trolls
  5 polar bears
  A bloated husk (Swamp:1)
  3 meliai (D:12)
  A raiju (Abyss:2)
  3 hornets
  Grinder (D:5)
  6 tyrant leeches
  3 dream sheep (Lair:5)
  15 blink frogs
  2 slime creatures (D:15)
  A slime creature (shapeshifter) (D:14)
  3 shadows
  Sigmund (D:6)
  5 spriggans
  A centaur simulacrum (D:15)
  A small abomination (Abyss:2)
  4 wraiths
  5 wyverns
  Eustachio (D:6)
  54 yaks
  2 steam dragons
  5 basilisks
  2 redbacks (Lair:3)
  10 vampire mosquitoes
  9 fire bats (Volcano)
  Menkaure (D:5)
  4 humans (D:9)
  A death yak simulacrum (Lair:3)
  6 wargs
  4 swamp worms
  Duvessa (D:6)
  19 water moccasins
  2 hell hounds (Lair:5)
  4 acid dragons
  4 swamp drakes
  12 orc warriors
  A sky beast (D:8)
  An ice beast (D:6)
  3 black bears
  11 ogres
  8 centaurs
  8 wolves
  4 lemures (D:5)
  2 kobold brigands
  A phantom (D:6)
  18 bullfrogs
  3 necrophages
  A two-headed ogre simulacrum (Lair:3)
  6 scorpions
  3 wights (D:8)
  Dowan (D:6)
  12 killer bees
  6 howler monkeys
  2 jellies (D:5)
  2 hounds
  12 orc priests
  9 iguanas
  Ijyb (D:5)
  15 orc wizards
  5 hell rats
  A wolf simulacrum (Lair:3)
  4 gnolls (D:4)
  8 adders
  A naga simulacrum (Lair:3)
  3 shadow imps
  3 worms
  2 dart slugs (D:3)
  58 orcs
  7 endoplasms
  3 giant cockroaches
  10 hobgoblins
  4 jackals (D:4)
  5 quokkas
  5 ball pythons
  8 bats
  4 frilled lizards
  8 goblins
  15 kobolds
  7 rats
666 creatures vanquished.

Vanquished Creatures (collateral kills)
  An ogre mage (Orc:2)
  2 two-headed ogres (Orc:2)
  A deep troll (Orc:2)
  A cyclops (Orc:2)
  A komodo dragon (Lair:5)
  3 trolls
  4 dream sheep (Lair:5)
  A wolf (Lair:5)
  5 ogres
  An orc wizard (Orc:1)
  An orc (Orc:2)
21 creatures vanquished.

Vanquished Creatures (others)
  A raiju (Abyss:2)
  4 ogres (Orc:2)
  4 foxfires (Swamp:1)
  90 fungi
  122 plants
  2 starspawn tentacles (Abyss:2)
223 creatures vanquished.

Grand Total: 910 creatures vanquished

Notes
Turn   | Place    | Note
-------+----------+-------------------------------------------
     0 | D:1      | GeoRichter the Tengu Air Elementalist began the quest for
                  | the Orb.
     0 | D:1      | Reached XP level 1. HP: 10/10 MP: 4/4
   220 | D:1      | Reached XP level 2. HP: 10/15 MP: 0/6
   805 | D:1      | Reached XP level 3. HP: 19/19 MP: 5/7
   808 | D:1      | Learned a level 2 spell: Static Discharge
  1631 | D:2      | Reached XP level 4. HP: 24/24 MP: 2/8
  2619 | D:3      | Reached skill level 5 in Air Magic
  2624 | D:3      | Found a faded altar of an unknown god.
  2648 | D:3      | Found a hazy altar of Hepliaklqana.
  2904 | D:3      | Found a stormy altar of Qazlal.
  3016 | D:4      | Gained mutation: Your magical nature lets you fly swiftly
                  | and evasively. [Tengu growth]
  3016 | D:4      | Reached XP level 5. HP: 16/28 MP: 8/10
  3286 | D:4      | Reached skill level 6 in Air Magic
  3378 | D:4      | Reached XP level 6. HP: 30/32 MP: 11/11
  3563 | D:4      | Reached skill level 5 in Conjurations
  3952 | D:4      | Reached skill level 7 in Air Magic
  3957 | D:4      | Learned a level 4 spell: Airstrike
  4167 | D:4      | Reached XP level 7. HP: 36/36 MP: 13/13
  4632 | D:5      | Entered Level 5 of the Dungeon
  4788 | D:5      | Found Bilisur's Weapon Emporium.
  4816 | D:5      | Found Arual's Armour Shoppe.
  4819 | D:5      | Noticed Grinder
  4829 | D:5      | Killed Grinder
  4830 | D:5      | Reached skill level 1 in Fighting
  4830 | D:5      | Reached skill level 8 in Air Magic
  5031 | D:5      | Reached XP level 8. HP: 45/45 MP: 14/15
  5101 | D:5      | Found Zahag's Armour Shop.
  5168 | D:5      | Noticed Menkaure
  5170 | D:5      | Killed Menkaure
  5172 | D:5      | Noticed Ijyb
  5177 | D:5      | Killed Ijyb
  5323 | D:5      | Found a radiant altar of Vehumet.
  5332 | D:5      | Became a worshipper of Vehumet
  5383 | D:5      | Reached skill level 9 in Air Magic
  5432 | D:5      | Found Ciangaoc's General Store.
  5444 | D:5      | Bought a scroll of identify for 20 gold pieces
  5682 | D:5      | Noticed Pikel
  5685 | D:5      | Killed Pikel
  5686 | D:5      | Reached skill level 5 in Spellcasting
  5686 | D:5      | Reached skill level 10 in Air Magic
  5686 | D:5      | Reached XP level 9. HP: 52/52 MP: 12/17
  5980 | D:6      | Reached skill level 1 in Evocations
  6094 | D:6      | Reached skill level 5 in Fighting
  6267 | D:6      | Noticed Eustachio
  6270 | D:6      | Killed Eustachio
  6423 | D:6      | Noticed Maggie
  6427 | D:6      | Killed Maggie
  6588 | D:6      | Noticed Duvessa
  6593 | D:6      | Killed Duvessa
  6594 | D:6      | Noticed Dowan
  6597 | D:6      | Killed Dowan
  6617 | D:6      | Noticed Sigmund
  6788 | D:6      | Killed Sigmund
  6925 | D:6      | Found a staircase to the Ecumenical Temple.
  7230 | D:6      | Found a glowing silver altar of Zin.
  7416 | D:7      | Noticed Joseph
  7419 | D:7      | Killed Joseph
  7420 | D:7      | Reached skill level 1 in Armour
  7420 | D:7      | Reached XP level 10. HP: 53/61 MP: 15/19
  7421 | D:7      | Reached * piety under Vehumet
  7421 | D:7      | Offered knowledge of Foxfire by Vehumet.
  8265 | D:7      | Reached skill level 1 in Shields
  8785 | D:8      | Reached skill level 5 in Dodging
  8829 | D:8      | Found a staircase to the Lair.
  8968 | D:8      | Reached ** piety under Vehumet
  8968 | D:8      | Offered knowledge of Scorch by Vehumet.
  9050 | D:8      | Found an opulent altar of Gozag.
  9050 | D:8      | Found a hide-covered altar of Uskayaw.
  9052 | D:8      | Found a snail-covered altar of Cheibriados.
  9052 | D:8      | Found a shadowy altar of Dithmenos.
  9052 | D:8      | Found a glowing golden altar of the Shining One.
  9052 | D:8      | Found a shimmering altar of Xom.
  9126 | D:8      | Reached XP level 11. HP: 35/68 MP: 19/21
 10060 | Lair:1   | Entered Level 1 of the Lair of Beasts
 10843 | Lair:1   | Noticed a seven-headed hydra
 10850 | Lair:1   | Killed a seven-headed hydra
 10851 | Lair:1   | Reached skill level 10 in Conjurations
 11067 | Lair:1   | Noticed a five-headed hydra
 11072 | Lair:1   | Killed a five-headed hydra
 11735 | Lair:1   | Offered knowledge of Inner Flame by Vehumet.
 12505 | Lair:2   | Noticed Urug
 12512 | Lair:2   | Killed Urug
 12513 | Lair:2   | Reached skill level 10 in Fighting
 12513 | Lair:2   | Reached skill level 5 in Shields
 12513 | Lair:2   | Reached XP level 12. HP: 63/77 MP: 5/24
 12723 | Lair:2   | Found a staircase to the Swamp.
 13191 | Lair:2   | Reached *** piety under Vehumet
 13512 | Lair:3   | Noticed a six-headed hydra
 13518 | Lair:3   | Killed a six-headed hydra
 13843 | Lair:3   | Found a hole to the Spider Nest.
 14214 | Lair:3   | Offered knowledge of Hailstorm by Vehumet.
 14215 | Lair:3   | Reached skill level 11 in Air Magic
 14740 | Lair:3   | You are sucked into a shaft and drop 1 floor!
 15943 | Lair:4   | Found a viscous altar of Jiyva.
 15944 | Lair:4   | Found a staircase to the Slime Pits.
 16491 | Lair:4   | Reached skill level 1 in Ice Magic
 16494 | Lair:4   | Reached XP level 13. HP: 78/84 MP: 16/26
 16689 | Lair:4   | Reached **** piety under Vehumet
 17128 | Lair:4   | Offered knowledge of Conjure Flame by Vehumet.
 17922 | Lair:5   | Entered Level 5 of the Lair of Beasts
 17979 | Lair:5   | Found a dark tunnel.
 18057 | Volcano  | Entered a volcano
 18561 | Volcano  | Noticed a fire dragon
 18571 | Volcano  | Killed a fire dragon
 18919 | Lair:5   | Found a runed translucent gate.
 18919 | Lair:5   | Found a runed translucent gate.
 18919 | Lair:5   | Found a runed translucent gate.
 18921 | Lair:5   | Noticed vvl's ghost (journeyman DsEE)
 18948 | Lair:5   | Reached skill level 5 in Ice Magic
 19722 | Lair:5   | HP: 1/86 [komodo dragon (31)]
 19726 | Lair:5   | Reached ***** piety under Vehumet
 19730 | Lair:5   | Offered knowledge of Yara's Violent Unravelling by Vehumet.
 19737 | Lair:5   | Learned a level 5 spell: Yara's Violent Unravelling
 21081 | Lair:5   | Reached XP level 14. HP: 92/92 MP: 13/28
 21486 | Lair:5   | Reached skill level 10 in Spellcasting
 24378 | Lair:5   | Killed vvl's ghost
 24688 | Lair:5   | Identified the ring "Illyor" {rN+ rCorr}
 24826 | Lair:1   | Learned a level 7 spell: Ozocubu's Refrigeration
 24907 | D:9      | Reached skill level 10 in Ice Magic
 25008 | D:9      | Offered knowledge of Spellforged Servitor by Vehumet.
 25019 | D:8      | Learned a level 7 spell: Spellforged Servitor
 26040 | D:10     | Entered Level 10 of the Dungeon
 26615 | D:10     | Learned a level 3 spell: Mephitic Cloud
 26650 | D:10     | Noticed Gastronok
 27145 | D:10     | Killed Gastronok
 28531 | D:11     | Found an iron altar of Okawaru.
 29368 | D:12     | Reached XP level 15. HP: 33/96 MP: 8/31
 29793 | D:12     | Found a staircase to the Orcish Mines.
 30031 | D:12     | Identified the ring of Yesterday {MP+9 AC+4 Slay+2}
 30750 | Orc:1    | Entered Level 1 of the Orcish Mines
 30777 | Orc:1    | Offered knowledge of Irradiate by Vehumet.
 30785 | Orc:1    | Learned a level 5 spell: Irradiate
 31086 | Orc:2    | Entered Level 2 of the Orcish Mines
 31514 | Orc:2    | Found Byarphurchadam's Antique Weapon Shop.
 31635 | Orc:2    | Paralysed by an ogre mage for 5 turns
 31638 | Orc:2    | Found Xuorghymi's General Store.
 31638 | Orc:2    | Found Vyjoygu's Antique Weapon Emporium.
 31646 | Orc:2    | Found Kacrus's Jewellery Boutique.
 31673 | Orc:2    | Found a staircase to the Elven Halls.
 31675 | Orc:2    | Found Tivucryn's General Store.
 31697 | Orc:2    | Paralysed by an ogre mage for 5 turns
 31842 | Orc:2    | Bought a potion of resistance for 140 gold pieces
 31842 | Orc:2    | Bought a wand of light (3) for 176 gold pieces
 32548 | Orc:2    | Bought the ring "Plog" {Fly rPois rN+ Str+2} for 519 gold
                  | pieces
 32565 | Orc:2    | Bought a potion of heal wounds for 55 gold pieces
 32565 | Orc:2    | Bought a scroll of teleportation for 33 gold pieces
 32565 | Orc:2    | Bought a scroll of teleportation for 33 gold pieces
 32565 | Orc:2    | Bought a potion of heal wounds for 55 gold pieces
 32565 | Orc:2    | Bought a potion of brilliance for 44 gold pieces
 32914 | Orc:1    | Found Aheykh's Magic Scroll Shop.
 33214 | D:13     | Learned a level 5 spell: Lightning Bolt
 33309 | D:13     | Offered knowledge of Fireball by Vehumet.
 33317 | D:13     | Learned a level 5 spell: Fireball
 33446 | D:13     | Found a gate to the Vaults.
 34109 | D:14     | Found a gate leading to a gauntlet.
 34118 | Gauntlet | Entered a Gauntlet
 34118 | Gauntlet | Found a transporter.
 34127 | Gauntlet | Found a transporter.
 34144 | Gauntlet | Found a transporter.
 34148 | Gauntlet | Found a transporter.
 34169 | Gauntlet | Found a transporter.
 34182 | Gauntlet | Found a transporter.
 34190 | Gauntlet | Found a transporter.
 34194 | Gauntlet | Found a transporter.
 34219 | Gauntlet | Found a transporter.
 34248 | Gauntlet | Found a transporter.
 34248 | Gauntlet | Found a transporter.
 34253 | Gauntlet | Found a transporter.
 34354 | Gauntlet | Identified the ring of Mivuec {rPois rC- rN+ MP+9 AC+4}
 34468 | Gauntlet | Identified the ring "Joug" {rPois EV+4}
 34590 | Gauntlet | Identified the amulet of Arrival {Reflect rElec Str+4 SH+5}
 34939 | Gauntlet | Identified the +1 leather armour of Ashenzari's Outrage
                  | {rF+ rC+ Int+4}
 34998 | Abyss:2  | Cast into level 2 of the Abyss (a wizard)
 35141 | Abyss:2  | Noticed a cacodemon
 35146 | Abyss:2  | Gained mutation: You occasionally shout uncontrollably at
                  | your foes. [a cacodemon]
 35462 | Abyss:2  | Noticed a tentacled starspawn
 35467 | D:14     | Escaped the Abyss
 35768 | D:14     | Reached skill level 12 in Air Magic
 35878 | D:14     | Learned a level 5 spell: Freezing Cloud
 36677 | D:15     | Entered Level 15 of the Dungeon
 36699 | D:15     | Noticed Agnes
 36706 | D:15     | Killed Agnes
 36712 | D:15     | Reached XP level 16. HP: 42/103 MP: 22/33
 37652 | D:15     | Reached skill level 13 in Air Magic
 38117 | D:15     | Found a staircase to the Depths.
 38649 | Swamp:1  | Entered Level 1 of the Swamp
 40361 | Swamp:2  | Noticed Frances
 40365 | Swamp:2  | Reached skill level 14 in Air Magic
 40428 | Swamp:2  | Noticed Mlioglotl
 40746 | Swamp:2  | Killed Frances
 40941 | Swamp:2  | Gained mutation: You are frail. (-10% HP) [a neqoxec]
 40944 | Swamp:2  | Killed Mlioglotl
 40945 | Swamp:2  | Lost mutation: You are frail. (-10% HP) [potion of
                  | mutation]
 40945 | Swamp:2  | Lost mutation: You occasionally shout uncontrollably at
                  | your foes. [potion of mutation]
 40945 | Swamp:2  | Gained mutation: You are occasionally teleported next to
                  | monsters. [potion of mutation]
 40945 | Swamp:2  | Gained mutation: Your spells are a little harder to cast,
                  | but a little more powerful. [potion of mutation]
 40946 | Swamp:2  | Lost mutation: Your spells are a little harder to cast, but
                  | a little more powerful. [potion of mutation]
 40946 | Swamp:2  | Lost mutation: You are occasionally teleported next to
                  | monsters. [potion of mutation]
 40946 | Swamp:2  | Gained mutation: You are weak. (Str -2) [potion of
                  | mutation]
 40946 | Swamp:2  | Gained mutation: Your spells are a little harder to cast,
                  | but a little more powerful. [potion of mutation]
 41063 | Swamp:2  | Found a shimmering blue altar of Sif Muna.
 41454 | Swamp:3  | Mangled by a bunyip

Illustrated notes

Levels and vault maps discovered:
D:1:      minmay_arrival_stair_chambers, layout_basic
D:2:      layout_rooms, st_stairs_3
D:3:      layout_basic, marbit_many_paths, mainiacjoe_overflow_six_doors_small,
          shapermc_ecumenical_altar_starsandcircs, moated_statue
D:4:      layout_basic
D:5:      layout_rooms, vehumet_altar_wand_db, serial_shops, shop_statue,
          nicolae_diamond_shop, kennysheep_mini_moat,
          nicolae_shop_bloodbath_and_beyond, dk_rats_in_the_wall, uniq_grinder,
          uniq_ijyb, uniq_pikel, uniq_menkaure
D:6:      layout_basic, zin_scriptorium, minmay_temple_entry_stoned_glass,
          uniq_duvessa, uniq_maggie, uniq_eustachio, uniq_sigmund
D:7:      layout_cave_pools, grunt_ministairs_4, uniq_joseph
D:8:      layout_basic, grunt_temple_overflow_open, due_lair_maze_entry_diamond
D:9:      layout_rooms, minmay_ruffians
D:10:     layout_roguey, uniq_gastronok
D:11:     layout_stronghold, okawaru_altar_gauntlet_db
D:12:     layout_rooms, orc_david_3, hangedman_decor_slide_cut
D:13:     layout_irregular_city, david_vaults_2, serial_rivers,
          chequers_serial_rivers_small_3, chequers_serial_rivers_large_a,
          chequers_serial_rivers_marsh, chequers_serial_rivers_micro_e,
          chequers_serial_rivers_micro_e, lemuel_flamethrower_3
D:14:     layout_loops_ring, gauntlet_entry_generic, nrook_uturn
D:15:     hangedman_depths_entry_try_elsewhere_first, layout_basic,
          chequers_serial_rivers_micro_d, uniq_agnes
Lair:1:   layout_gridlike
Lair:2:   layout_long_grid, swamp_mist_pool, grunt_megastairs_3, uniq_urug
Lair:3:   dreamdust_isle_of_ice, layout_loops_ring, spider_nest_entry_webs,
          grunt_forest_stairs_clearing
Lair:4:   layout_small_grid, slime_entry_1, serial_bayou_shore_a
Lair:5:   guppyfry_lair_end_dragon, layout_layer_cave, hangedman_lair_in_review,
          gammafunk_ghost_split, enter_volcano_3, st_stairs_6, minivault_23
Swamp:1:  nicolae_swamp_ascending_descending, layout_basic_swamp,
          evilmike_swamp_ruin_rubble_1
Swamp:2:  layout_falls_marsh, nicolae_swamp_godswood, uniq_frances,
          uniq_mlioglotl
Swamp:3:  layout_basic_swamp, hangedman_swamp_ruin_wall,
          infiniplex_staircase_pool_2
Orc:1:    layout_caves, serial_shops, nicolae_diamond_shop
Orc:2:    st_orc_open, layout_caves, serial_shops, shop

Skill      XL: |  1  2  3  4  5  6  7  8  9 10 11 12 13 14 15 16 |
---------------+-------------------------------------------------+-----
Conjurations   | 2 3 4 5 6 7 8 9 10 11 12 | 12.0
Air Magic      | 5 6 7 8 10 11 12 14 | 14.3
Spellcasting   | 3 4 5 6 7 8 9 11 12 13 | 13.0
Fighting       | 2 4 6 8 10 11 12 13 | 13.1
Evocations     | 3 |  3.0
Dodging        | 3 5 7 8 9 |  9.8
Armour         | 1 2 3 |  3.0
Shields        | 2 5 6 |  6.2
Ice Magic      | 1 7 11 13 | 13.2
Stealth        | |  2.0

Action                   |  1- 3 |  4- 6 |  7- 9 | 10-12 | 13-15 | 16-18 || total
-------------------------+-------+-------+-------+-------+-------+-------++-------
Melee: Mace              |    14 |     1 |       |       |       |       ||    15
       Peck              |     1 |       |       |     4 |    11 |     8 ||    24
       Kick              |     4 |     1 |       |     7 |    21 |    16 ||    49
       Whip              |       |       |       |    15 |    40 |       ||    55
       Staff             |       |       |       |       |     4 |    31 ||    35
 Cast: Shock             |    68 |   115 |    64 |   161 |   267 |       ||   675
       Static Discharge  |     2 |    12 |    21 |   124 |   261 |    23 ||   443
       Airstrike         |       |       |    60 |   158 |   330 |    32 ||   580
       Lightning Bolt    |       |       |       |       |    44 |    78 ||   122
       Ozocubu's Refrige |       |       |       |       |    15 |    26 ||    41
       Mephitic Cloud    |       |       |       |       |     8 |     2 ||    10
       Irradiate         |       |       |       |       |     5 |     3 ||     8
       Freezing Cloud    |       |       |       |       |       |     4 ||     4
Evoke: Wand              |       |       |     1 |       |    18 |       ||    19
  Use: Scroll            |       |     1 |     6 |     8 |    34 |     8 ||    57
       Potion            |       |       |       |     1 |    19 |     5 ||    25
Armor: Robe              |     5 |     3 |     1 |       |       |       ||     9
       Steam dragon scal |       |       |       |    18 |    63 |    26 ||   107
Dodge: Dodged            |    12 |    14 |    11 |    57 |   287 |    71 ||   452
Block: Kite shield       |       |       |       |    53 |    23 |       ||    76
       Buckler           |       |       |       |       |   129 |    64 ||   193
       Reflection        |       |       |       |       |     2 |     5 ||     7
